 Dungeon Crawl Stone Soup version 0.17-a0-737-gf0a300a (webtiles) character file.

58170 Leibowitz the Covert (level 15, -8/99 HPs)
             Began as a Halfling Assassin on Apr 26, 2015.
             Was a High Priest of Okawaru.
             Mangled by Rupert
             ... wielding a +3 battleaxe of electrocution
              (28 damage)
             ... on level 2 of the Orcish Mines.
             The game lasted 01:42:24 (23249 turns).

Leibowitz the Covert (Halfling Assassin)           Turns: 23249, Time: 01:42:25

Health: -8/99      AC: 19    Str: 11    XL:     15   Next: 29%
Magic:  21/30      EV: 28    Int: 10    God:    Okawaru [*****.]
Gold:   2401       SH: 13    Dex: 28    Spells: 0 memorised, 14 levels left

rFire  + . .     SeeInvis .     a - +9 rapier of Watchfulness {flame, MR++ MP+9}
rCold  . . .     Clarity  .     S - +1 scale mail of Kuathemimeo {MR+}
rNeg   . . .     SustAb   .     u - +1 buckler
rPois  .         Gourm    .     D - +2 helmet
rElec  .         Spirit   .     d - +0 cloak
rCorr  .         Warding  .     C - +1 pair of gloves {archery}
rMut   .         Stasis   .     Z - +0 pair of boots {Fly}
MR     ++++.                    (no amulet)
Stlth  +++++++...               x - +5 ring of dexterity
                                m - ring of protection from fire

@: heroism, flying, incredibly resistant to hostile enchantments, extremely
stealthy
A: mutation resistance 1
a: Heroism, Finesse, Renounce Religion, Stop Flying


You were on level 2 of the Orcish Mines.
You worshipped Okawaru.
Okawaru was extremely pleased with you.
You were not hungry.

You visited 4 branches of the dungeon, and saw 22 of its levels.
You also visited: Volcano.

You collected 3155 gold pieces.
You spent 754 gold pieces at shops.

Inventory:

Hand weapons
 a - the +9 rapier of Watchfulness (weapon) {flame, MR++ MP+9}
   (Okawaru gifted it to you on level 2 of the Lair of Beasts)

   It has been specially enchanted to burn those struck by it, causing extra
   injury to most foes and up to half again as much damage against particularly
   susceptible opponents.
   It affects your resistance to hostile enchantments.
   It affects your magic capacity (+9).
 b - the +6 blowgun of Veojunwy {evade, rF+}
   (You found it on level 5 of the Lair of Beasts)

   It affects your evasion (+5 to EV).
   It protects you from fire.
Missiles
 k - a curare-tipped needle
 w - 6 needles of sleeping
 X - 6 poisoned tomahawks (quivered)
Armour
 d - a +0 cloak (worn)
 u - a +1 buckler (worn)
 C - a +1 pair of gloves of archery (worn)
 D - a +2 helmet (worn)
 K - a +3 leather armour of fire resistance
 S - the +1 scale mail of Kuathemimeo (worn) {MR+}
   (You found it on level 3 of the Lair of Beasts)

   It affects your resistance to hostile enchantments.
 Z - a +0 pair of boots of flying (worn)
Jewellery
 i - a +5 ring of dexterity
 m - a ring of protection from fire (left hand)
 o - an uncursed ring of protection from magic
 x - a +5 ring of dexterity (right hand)
 B - a +4 ring of dexterity
 L - an uncursed ring of ice
Magical devices
 A - a wand of confusion (6)
 H - a wand of teleportation (9)
 J - a wand of confusion (38)
 M - a wand of paralysis (5)
 R - a wand of draining (6)
 W - a wand of lightning (7)
 Y - a wand of enslavement (7)
Scrolls
 e - 2 scrolls of fog
 g - 2 scrolls of enchant weapon
 l - 2 scrolls of recharging
 n - 7 scrolls of identify
 p - a scroll of magic mapping
 q - 8 scrolls of remove curse
 r - 3 scrolls of amnesia
 t - 10 scrolls of teleportation
 T - 3 scrolls of enchant armour
 U - 2 scrolls of blinking
Potions
 c - 6 potions of curing
 s - 4 potions of restore abilities
 v - a potion of berserk rage
 F - 2 potions of flight
 G - a potion of agility
 I - a potion of heal wounds
 Q - 3 potions of might
Comestibles
 f - 16 bread rations
 h - 3 beef jerkies
 j - 12 meat rations
 z - 14 fruits
 E - a royal jelly
 N - 3 chunks of flesh


   Skills:
 + Level 8.0(13.0) Fighting
 + Level 12.0(17.0) Short Blades
 + Level 6.2(11.2) Throwing
 + Level 6.2(11.2) Armour
 + Level 12.4(17.4) Dodging
 + Level 12.4(17.4) Stealth
 + Level 12.1(17.1) Shields
 + Level 3.4 Invocations
 * Level 8.5 Evocations


You had 14 spell levels left.
You didn't know any spells.

Dungeon Overview and Level Annotations

Branches:
Dungeon (10/15)            Temple (1/1) D:4            Lair (7/8) D:8
  Swamp (0/5) Lair:6       Spider (0/5) Lair:3          Orc (4/4) D:10
    Elf (0/3) Orc:3
  Slime: Lair:6-8

Altars:
Ashenzari
Cheibriados
Dithmenos
Elyvilon
Fedhas
Gozag
Makhleb
Nemelex Xobeh
Okawaru
Ru
Sif Muna
Trog
Xom
Yredelemnul
Zin
Beogh

Shops:
D:8 !   Orc:4 (%

Annotations:
Orc:2 Rupert
Orc:4 Saint Roka


Innate Abilities, Weirdness & Mutations

You are small and have problems with some larger weapons.
You are somewhat resistant to further mutation.


Message History

Rupert completely misses you.
Firing (i - inventory. (,) - cycle):
k - 3 curare-tipped needles (quivered)
Press: ? - help, Shift-Dir - straight line, f - Rupert
Aim: Rupert, wielding a battleaxe of electrocution and wearing a scale mail (severely wounded, berserk, fast, unusually strong)
You shoot a curare-tipped needle. The curare-tipped needle hits Rupert.
Rupert is poisoned.
Rupert convulses.
Rupert seems to slow down.
Rupert is almost dead.
You block Rupert's attack.
Firing (i - inventory. (,) - cycle):
k - 2 curare-tipped needles (quivered)
Press: ? - help, Shift-Dir - straight line, f/p - Rupert
Aim: Rupert, wielding a battleaxe of electrocution and wearing a scale mail (almost dead, berserk, fast+slow, unusually strong, poisoned)
You shoot a curare-tipped needle. The curare-tipped needle hits Rupert.
Rupert looks even sicker.
Rupert convulses.
Rupert seems to be slow for longer.
Rupert is almost dead.
You feel like more of a target.
It bursts into flame!
a - the +9 rapier of Watchfulness (weapon)
{flame, MR++ MP+9} Your scale mail of Kuathemimeo prevents you from hitting Rupert.
Rupert is almost dead.
Rupert hits you with a battleaxe of electrocution!!
You die...

## ##.## # ##.
##.##...## .##
##
##........##...#
#.
#.........(...#
## #.#......# #
###..<...##
..##..$...(.#
...$....>@.##
........@...##
.......))....$#
.......).....##
#.............#
#...........##
##........###
##.#...###
#....... ..#....


You could see Rupert (berserk).

Vanquished Creatures
  Fannar (Lair:1)
  4 hydras
  2 death yaks (Lair:6)
  Nergalle (Lair:3)
  A lindwurm (Lair:5)
  Pikel (D:7)
  A griffon (Lair:6)
  3 orc knights
  6 orc sorcerers (Orc:4)
  3 black mambas
  8 elephants
  Joseph (D:7)
  A torpor snail (Lair:6)
  3 toenail golems (Volcano)
  A fire drake (Lair:4)
  12 spiny frogs
  10 komodo dragons
  A spriggan druid (Lair:6)
  5 trolls (Orc:4)
  3 polar bears (Lair:6)
  9 blink frogs
  2 trapdoor spiders (Lair:3)
  A deep elf mage (D:9)
  A spriggan (D:7)
  2 wyverns
  Eustachio (D:4)
  22 yaks
  3 hungry ghosts
  3 basilisks
  2 wargs (Orc:4)
  11 wolves
  6 humans (Volcano)
  6 swamp worms (Lair:6)
  8 hippogriffs
  6 water moccasins
  12 porcupines
  36 orc warriors
  14 ogres
  2 sky beasts
  10 crocodiles
  3 centaurs
  2 phantoms
  26 giant frogs
  A wyvern zombie (D:9)
  3 scorpions
  6 killer bees (D:7)
  4 wights (D:7)
  2 electric eels (Lair:6)
  A crimson imp (D:8)
  A giant frog zombie (D:9)
  5 jellies
  23 orc wizards
  17 orc priests
  Ijyb (D:2)
  6 hounds
  A centaur zombie (D:5)
  A hell rat (Lair:6)
  7 iguanas
  Natasha (thrice) (D:3)
  3 worker ants
  15 sheep
  A hound zombie (D:7)
  3 hound skeletons
  Robin (D:4)
  2 adders
  5 gnolls
  A shadow imp (D:5)
  15 river rats
  4 oozes
  An adder zombie (D:8)
  A worm (D:5)
  4 giant geckos
  219 orcs
  A ball python (D:1)
  2 bat skeletons
  6 giant cockroaches
  32 goblins
  20 hobgoblins
  11 jackals
  22 kobolds
  6 quokkas
  13 bats
  4 giant newts
  A quokka skeleton (D:7)
  17 rats
  4 fungi (Lair:6)
  A plant (D:8)
753 creatures vanquished.

Vanquished Creatures (collateral kills)
  An orc wizard (Orc:4)
1 creature vanquished.

Vanquished Creatures (others)
  A centaur warrior (D:8)
  A big kobold (D:7)
  A centaur (D:8)
  2 giant frogs
  A scorpion (D:8)
  A hound (D:8)
  A worker ant (D:8)
  An orc wizard (Orc:4)
  A hobgoblin (D:7)
  A kobold (D:8)
  2 rats (D:8)
  2 fungi (Lair:6)
  A plant (Lair:6)
16 creatures vanquished.

Grand Total: 770 creatures vanquished

Notes
Turn   | Place    | Note
--------------------------------------------------------------
     0 | D:1      | Leibowitz, the Halfling Assassin, began the quest for the Orb.
     0 | D:1      | Reached XP level 1. HP: 14/14 MP: 1/1
    95 | D:1      | Reached XP level 2. HP: 19/19 MP: 2/2
   530 | D:1      | Reached XP level 3. HP: 24/24 MP: 3/3
   539 | D:1      | Reached skill level 5 in Stealth
  1431 | D:2      | Reached XP level 4. HP: 25/29 MP: 4/4
  1487 | D:2      | Noticed Ijyb
  1515 | D:2      | Killed Ijyb
  1515 | D:2      | Reached skill level 1 in Short Blades
  1999 | D:3      | Reached XP level 5. HP: 18/34 MP: 5/5
  2716 | D:3      | Reached skill level 1 in Shields
  2716 | D:3      | Reached XP level 6. HP: 38/40 MP: 6/6
  2746 | D:3      | Noticed Natasha
  2755 | D:3      | Killed Natasha
  2910 | D:3      | Noticed Natasha
  2925 | D:3      | Killed Natasha
  3105 | D:3      | Noticed Natasha
  3110 | D:3      | Killed Natasha
  3409 | D:4      | Reached skill level 6 in Stealth
  3409 | D:4      | Reached XP level 7. HP: 42/45 MP: 7/7
  3460 | D:4      | Noticed Robin
  3482 | D:4      | Killed Robin
  3523 | D:4      | Found a staircase to the Ecumenical Temple.
  3544 | Temple   | Entered the Ecumenical Temple
  3609 | Temple   | Became a worshipper of Warmaster Okawaru
  3744 | D:4      | Found a sparkling altar of Nemelex Xobeh.
  3773 | D:4      | Reached skill level 5 in Throwing
  3867 | D:4      | Noticed Eustachio
  3906 | D:4      | Found a sacrificial altar of Ru.
  3952 | D:4      | Killed Eustachio
  3952 | D:4      | Acquired Okawaru's first power
  3952 | D:4      | Reached XP level 8. HP: 51/51 MP: 8/8
  4472 | D:5      | Entered Level 5 of the Dungeon
  4549 | D:5      | Reached skill level 5 in Dodging
  4758 | D:5      | Reached skill level 7 in Stealth
  5057 | D:5      | HP: 2/52 [wyvern (16)]
  5616 | D:5      | Reached XP level 9. HP: 55/57 MP: 9/9
  5775 | D:6      | Reached skill level 5 in Shields
  6861 | D:7      | Noticed Joseph
  6902 | D:7      | Found a blossoming altar of Fedhas.
  6903 | D:7      | Found a burning altar of Makhleb.
  6969 | D:7      | Killed Joseph
  6969 | D:7      | Reached skill level 8 in Stealth
  7304 | D:7      | Noticed Pikel
  7330 | D:7      | Killed Pikel
  7330 | D:7      | Reached skill level 5 in Short Blades
  7330 | D:7      | Reached XP level 10. HP: 46/63 MP: 10/10
  7958 | D:8      | Found a shimmering altar of Xom.
  8050 | D:8      | Reached skill level 1 in Armour
  8299 | D:8      | Found a deep blue altar of Sif Muna.
  8521 | D:8      | Reached skill level 9 in Stealth
  8669 | D:8      | Found Jor Maby's Distillery.
  8678 | D:8      | Bought a potion of curing for 39 gold pieces
  8678 | D:8      | Bought a potion of heal wounds for 65 gold pieces
  8689 | D:8      | Killed a centaur warrior
  8697 | D:8      | Found a staircase to the Lair.
  8922 | D:8      | Found a basalt altar of Yredelemnul.
  9052 | D:8      | Acquired Okawaru's second power
  9067 | Lair:1   | Entered Level 1 of the Lair of Beasts
  9331 | Lair:1   | Received a gift from Okawaru
  9342 | Lair:1   | Noticed Fannar
  9343 | Lair:1   | Reached XP level 11. HP: 70/70 MP: 11/11
  9375 | Lair:1   | Killed Fannar
  9375 | Lair:1   | Received a gift from Okawaru
  9375 | Lair:1   | Reached skill level 1 in Invocations
  9389 | Lair:1   | Received a gift from Okawaru
 10158 | Lair:2   | Received a gift from Okawaru
 10159 | Lair:2   | Got a twisted rapier {god gift}
 10162 | Lair:2   | Identified the +9 rapier of Watchfulness {flame, MR++ MP+9} (Okawaru gifted it to you on level 2 of the Lair of Beasts)
 10277 | Lair:2   | Reached skill level 10 in Shields
 10374 | Lair:2   | Noticed a five-headed hydra
 10387 | Lair:2   | Killed a five-headed hydra
 10387 | Lair:2   | Reached skill level 10 in Stealth
 10387 | Lair:2   | Reached skill level 1 in Evocations
 10687 | Lair:2   | Reached skill level 5 in Fighting
 10800 | Lair:2   | Reached skill level 10 in Dodging
 11095 | Lair:2   | Reached XP level 12. HP: 77/77 MP: 13/13
 11099 | Lair:2   | Received a gift from Okawaru
 11694 | Lair:2   | Received a gift from Okawaru
 12137 | Lair:3   | Got a spiked scale mail
 12148 | Lair:3   | Identified the cursed +1 scale mail of Kuathemimeo {MR+} (You found it on level 3 of the Lair of Beasts)
 12152 | Lair:3   | Noticed Nergalle
 12211 | Lair:3   | Killed Nergalle
 12420 | Lair:3   | Found a hole to the Spider Nest.
 13473 | D:8      | Bought a potion of experience for 650 gold pieces
 13473 | D:8      | Reached skill level 11 in Dodging
 13473 | D:8      | Reached skill level 5 in Evocations
 13473 | D:8      | Reached XP level 13. HP: 80/83 MP: 17/17
 13670 | Lair:4   | Received a gift from Okawaru
 13897 | Lair:4   | Received a gift from Okawaru
 14053 | Lair:4   | Received a gift from Okawaru
 14093 | Lair:4   | Reached skill level 10 in Short Blades
 14515 | Lair:5   | Received a gift from Okawaru
 14555 | Lair:5   | Reached XP level 14. HP: 45/90 MP: 18/18
 15032 | Lair:5   | Got a transparent blowgun
 15033 | Lair:5   | Identified the +6 blowgun of Veojunwy {evade, rF+} (You found it on level 5 of the Lair of Beasts)
 15648 | Lair:6   | Reached skill level 5 in Armour
 15657 | Lair:6   | Received a gift from Okawaru
 15695 | Lair:6   | Received a gift from Okawaru
 16242 | Lair:6   | Found a staircase to the Swamp.
 16906 | Lair:6   | Reached skill level 12 in Stealth
 17826 | D:9      | Found a shadowy altar of Dithmenos.
 18034 | D:9      | Found a glowing silver altar of Zin.
 18339 | D:10     | Entered Level 10 of the Dungeon
 18394 | D:10     | Found a staircase to the Orcish Mines.
 18426 | Orc:1    | Entered Level 1 of the Orcish Mines
 19079 | Orc:2    | Found a dark tunnel.
 19088 | Volcano  | Entered a volcano
 20737 | Orc:3    | Found a staircase to the Elven Halls.
 20868 | Orc:3    | Found a bloodstained altar of Trog.
 21122 | Orc:4    | Entered Level 4 of the Orcish Mines
 21134 | Orc:4    | Received a gift from Okawaru
 21134 | Orc:4    | Reached XP level 15. HP: 76/99 MP: 21/21
 21959 | Orc:4    | Found a roughly hewn altar of Beogh.
 22212 | Orc:4    | Found Ryudwune's Food Boutique.
 22233 | Orc:4    | Found Maonad's Weapon Shop.
 22806 | Orc:4    | Noticed Saint Roka
 23203 | Orc:2    | Noticed Rupert
 23249 | Orc:2    | Mangled by Rupert

Action                   |  1- 3 |  4- 6 |  7- 9 | 10-12 | 13-15 || total
-------------------------+-------+-------+-------+-------+-------++-------
Melee: Dagger            |   123 |   159 |   462 |   131 |       ||   875
       Rapier            |       |       |       |   460 |  1356 ||  1816
 Fire: Blowgun           |     3 |    40 |    22 |       |    19 ||    84
Invok: Heroism           |       |       |     1 |     3 |    10 ||    14
Evoke: Wand              |       |       |       |    13 |     1 ||    14
  Use: Scroll            |       |       |    14 |     2 |     4 ||    20
       Potion            |       |       |     7 |     3 |     4 ||    14
 Stab: Sleeping          |     7 |    11 |    20 |    20 |    48 ||   106
       Distracted        |       |     1 |     2 |     3 |     7 ||    13
       Confused          |       |       |       |     4 |       ||     4
       Held in net/web   |       |       |       |     1 |       ||     1
  Eat: Chunk             |     2 |     6 |    13 |    20 |    32 ||    73
       Pizza             |       |       |       |       |     2 ||     2
